 Dungeon Crawl Stone Soup version 0.31.0-9-g3a7656b989 (webtiles) character file.

Game seed: 3860609904457554420

313 qw the Ducker (level 6, 0/30 HPs)
             Began as a Spriggan Hunter on Feb 3, 2024.
             Slain by a gnoll
             ... wielding a +0 spear
             ... led by a gnoll sergeant
              (8 damage)
             ... on level 4 of the Dungeon.
             The game lasted 00:00:41 (2086 turns).

qw the Ducker (Spriggan Hunter)                     Turns: 2086, Time: 00:00:42

Health: 0/30       AC: 13    Str:  5 (6)  XL:     6   Next: 19%
Magic:  7/7        EV: 17    Int:  8 (9)  God:
Gold:   129        SH:  0    Dex: 27 (28) Spells: 5/5 levels left

rFire   . . .        a - +2 shortbow
rCold   . . .        (shield currently unavailable)
rNeg    + . .        h - quicksilver dragon scales
rPois   +            (helmet restricted)
rElec   .            c - +2 ratskin cloak {*Rats rPois rN+ Str-1 Int-1 Dex+1}
rCorr   .            (gloves unavailable)
SInv    +            (boots unavailable)
Will    ++...        (no amulet)
Stlth   ++           e - +6 ring of dexterity
HPRegen 0.25/turn    (no ring)
MPRegen 0.10/turn

%: no passive effects
@: very quick
A: very small, no large weapons, unfitting armour, see invisible, speed 3
a: no special abilities


You were on level 4 of the Dungeon.
You visited 1 branch of the dungeon, and saw 4 of its levels.

You collected 129 gold pieces.


Innate Abilities, Weirdness & Mutations

You are very small and have problems with some larger weapons.
You are too small for most types of armour.
You have supernaturally acute eyesight. (SInv)
You cover ground extremely quickly. (Speed+++)


   Skills:
 - Level 2.0 Fighting
 + Level 5.2 Ranged Weapons
 - Level 2.5 Armour
 - Level 5.2 Dodging
 - Level 1.5 Stealth


You had 5 spell levels left.
You didn't know any spells.
Your spell library was empty.

Inventory:

Hand Weapons
 a - a +2 shortbow (weapon)
Armour
 c - the +2 ratskin cloak (worn) {*Rats rPois rN+ Str-1 Int-1 Dex+1}
   (You found it on level 3 of the Dungeon)

   *Rats:     When the wearer is hurt, rats may emerge from it to assist them.
   Str-1:     It affects your strength (-1).
   Int-1:     It affects your intelligence (-1).
   Dex+1:     It affects your dexterity (+1).
   rPois:     It protects you from poison rN+: It protects you from negative
   energy.
 h - quicksilver dragon scales (worn)
Jewellery
 e - a +6 ring of dexterity (left hand)
Potions
 g - 4 potions of curing
 i - a potion of resistance {unknown}
 k - a potion of heal wounds {unknown}
 l - a potion of enlightenment

Dungeon Overview and Level Annotations

Branches:
Dungeon (4/15)
 Temple: D:4-7

Altars:
Vehumet


Message History

The gnoll is severely wounded.
You hear a shout!
The gnoll hits you with a +0 flail.
The gnoll hits you from afar with a +0 spear.
A gnoll comes into view. It is wielding a +0 spear.
The gnoll sergeant closely misses you.
2077 ||| RETREEEEATING.
The gnoll misses you.
2078 ||| RETREEEEATING.
Things that are here:
a +0 dagger; a goblin corpse
2079 ||| RETREEEEATING.
You see here 2 throwing nets.
You shoot an arrow. The arrow hits the gnoll.
The gnoll is almost dead.
You shoot an arrow. The arrow hits the gnoll.
You kill the gnoll!
The gnoll barely misses you. The gnoll sergeant misses you.
The gnoll closely misses you.
You shoot an arrow. The arrow hits the gnoll sergeant.
The gnoll sergeant is almost dead.
The gnoll sergeant hits you with a +0 spear.
The gnoll hits you from afar with a +0 spear.
You shoot an arrow.
The arrow closely misses the gnoll sergeant.
The gnoll sergeant barely misses you. The gnoll completely misses you.
You shoot an arrow.
The arrow barely misses the gnoll sergeant.
The gnoll sergeant closely misses you. The gnoll closely misses you.
The gnoll sergeant misses you.
You shoot an arrow. The arrow hits the gnoll sergeant.
The gnoll sergeant is almost dead.
The gnoll misses you.
The gnoll sergeant hits you with a +0 spear.
The gnoll misses you.
You shoot an arrow.
The arrow barely misses the gnoll sergeant.
The gnoll sergeant completely misses you.
The gnoll hits you from afar with a +0 spear!
You die...

#.. ..###..##.
#.# #.#......
#.# #.#....# #
#.#
##.#....##..
###.###
#.........#
#.....#
#.........##
########.#.#.#
#.....))....
.<.........#.#
#.gg....####
########.#.#.#
#@#.....#
######.....#
#.#...g##
#..<.....###
#.#.#.....
#.######.#
#.#.#####. #.#
#.#.# # #.#
#.#.# #(#
#.#.# #.#
#.#.# #.#
#...#


You could see a gnoll sergeant and a gnoll.

Vanquished Creatures
  4 gnolls
  6 adders
  A ribbon worm (D:3)
  2 dart slugs
  An orc (D:3)
  9 ball pythons
  3 bats
  4 endoplasms (D:1)
  3 giant cockroaches
  5 goblins
  8 hobgoblins
  10 jackals
  3 quokkas
  5 frilled lizards
  4 kobolds
  2 rats
70 creatures vanquished.

Vanquished Creatures (collateral kills)
  Eustachio (D:4)
1 creature vanquished.

Grand Total: 71 creatures vanquished

Notes
Turn   | Place    | Note
-------+----------+-------------------------------------------
     0 | D:1      | qw the Spriggan Hunter began the quest for the Orb.
     0 | D:1      | Reached XP level 1. HP: 10/10 MP: 2/2
     0 | D:1      | 0 ||| qw: Version: 0.3-a-155-g5e7d8dd
     0 | D:1      | 0 ||| qw: Game counter: 3016
     0 | D:1      | 0 ||| qw: Melee chars always use a shield: true
     0 | D:1      | 0 ||| qw: God list: Okawaru
     0 | D:1      | 0 ||| qw: Allow faded altars: false
     0 | D:1      | 0 ||| qw: Do Orc after clearing Dungeon:15 true
     0 | D:1      | 0 ||| qw: Do second Lair branch before Depths: true
     0 | D:1      | 0 ||| qw: Lair rune preference: random
     0 | D:1      | 0 ||| qw: Goals: Normal
     0 | D:1      | 0 ||| PLANNING D:1-11
    85 | D:1      | Reached skill level 3 in Dodging
    98 | D:1      | Reached XP level 2. HP: 14/14 MP: 3/3
   603 | D:1      | 603 ||| UPGRADING to +6 ring of dexterity.
   604 | D:1      | 604 ||| READING 2 scrolls labelled ZEBARH DATTE.
   604 | D:1      | 604 ||| IDENTIFYING sedimented dark potion
   605 | D:1      | 605 ||| READING scroll of identify.
   605 | D:1      | 605 ||| IDENTIFYING fizzy white potion
   606 | D:1      | 606 ||| READING scroll labelled QOTTUFOSEORA.
   606 | D:1      | 606 ||| ENCHANTING +0 shortbow.
   607 | D:1      | 607 ||| READING scroll labelled FEOMUIR VILO.
   608 | D:1      | 608 ||| DROPPING scroll of butterflies.
   609 | D:1      | 609 ||| DROPPING potion of lignification.
   631 | D:2      | Reached XP level 3. HP: 18/18 MP: 4/4
   896 | D:2      | Reached XP level 4. HP: 22/22 MP: 5/5
  1073 | D:2      | 1073 ||| UPGRADING to quicksilver dragon scales.
  1083 | D:2      | 1083 ||| DROPPING +0 robe.
  1084 | D:2      | 1084 ||| READING scroll labelled POGUNWAFUB.
  1185 | D:2      | 1185 ||| READING scroll labelled FOQACHAEJI.
  1232 | D:3      | Found a radiant altar of Vehumet.
  1236 | D:3      | Found the +2 ratskin cloak {*Rats rPois rN+ Str-1 Int-1
                  | Dex+1}
  1306 | D:3      | Found a faded altar of an unknown god.
  1832 | D:3      | 1832 ||| UPGRADING to +2 ratskin cloak {*Rats rPois rN+
                  | Str-1 Int-1 Dex+1}.
  1837 | D:3      | 1837 ||| READING scroll of identify.
  1837 | D:3      | 1837 ||| IDENTIFYING golden potion
  1838 | D:3      | 1838 ||| DRINKING 2 emerald potions.
  1839 | D:3      | 1839 ||| DRINKING 3 fuming blue potions.
  1840 | D:3      | 1840 ||| DRINKING 2 white potions.
  1841 | D:3      | 1841 ||| DROPPING potion of magic.
  1842 | D:3      | 1842 ||| DROPPING potion of degeneration.
  1843 | D:3      | 1843 ||| DROPPING 2 potions of attraction.
  1915 | D:4      | Reached XP level 5. HP: 26/26 MP: 6/6
  1930 | D:4      | Noticed Eustachio
  1933 | D:4      | 1933 ||| RETREEEEATING.
  1945 | D:4      | Killed Eustachio
  1946 | D:4      | Reached XP level 6. HP: 16/30 MP: 7/7
  2049 | D:4      | 2049 ||| READING scroll of enchant weapon.
  2049 | D:4      | 2049 ||| ENCHANTING +1 shortbow.
  2077 | D:4      | 2077 ||| RETREEEEATING.
  2078 | D:4      | 2078 ||| RETREEEEATING.
  2079 | D:4      | 2079 ||| RETREEEEATING.
  2086 | D:4      | Slain by a gnoll

Levels and vault maps discovered:
D:1:      dpeg_arrival_lava_temple_mockup, layout_basic
D:2:      layout_basic
D:3:      layout_basic, nicolae_vehumet_radiance,
          hellmonk_ecumenical_altar_dog_temple, minmay_misc_feat_doors,
          minmay_ruptured
D:4:      layout_loops_ring, uniq_eustachio, uniq_pikel

Skill      XL: |  1  2  3  4  5 |
---------------+----------------+-----
Dodging        | 3 4 5 |  5.2
Ranged Weapons | 5 |  5.2
Fighting       | 2 |  2.0
Armour         | 2 |  2.5
Stealth        | |  1.5

Action                     |  1- 3 |  4- 6 || total
---------------------------+-------+-------++-------
   Fire: Shortbow          |    81 |   118 ||   199
    Use: Scroll            |     4 |     4 ||     8
         Potion            |       |     3 ||     3
 Armour: Robe              |     2 |       ||     2
         Quicksilver drago |       |    29 ||    29
  Dodge: Dodged            |    29 |   114 ||   143

Table legend:
 A = Non-vault XP
 B = Vault XP
 C = Vault XP percentage of total XP
 D = Non-vault monster count
 E = Vault monster count
 F = Vault count percentage of total count
                 A         B        C        D         E       F
            +---------+---------+-------+---------+---------+-------
      Total |     226 |     222 |  49.6 |      63 |       8 |  11.3
            +---------+---------+-------+---------+---------+-------
        D:1 |      40 |       0 |   0.0 |      23 |       0 |   0.0
        D:2 |      60 |       0 |   0.0 |      14 |       0 |   0.0
        D:3 |      60 |      26 |  30.2 |      18 |       7 |  28.0
        D:4 |      66 |     196 |  74.8 |       8 |       1 |  11.1
            +---------+---------+-------+---------+---------+-------
